 Dungeon Crawl Stone Soup version 0.29.1-14-g9c671dbff4 (webtiles) character file.

Game seed: 13102652598194806365

28123 protoss039 the Thaumaturge (level 13, -3/102 HPs)
             Began as a Demonspawn Earth Elementalist on Feb 16, 2023.
             Was a Believer of Vehumet.
             Slain by a +0 great sword of flaming (30 damage)
             ... on level 13 of the Dungeon.
             The game lasted 00:36:15 (14792 turns).

protoss039 the Thaumaturge (DsEE)                  Turns: 14792, Time: 00:36:15

Health: -3/102     AC: 14    Str:  8    XL:     13   Next: 8%
Magic:  6/29       EV: 11    Int: 27    God:    Vehumet [**....]
Gold:   622        SH:  0    Dex: 15    Spells: 27/36 levels left

rFire   . . .      SeeInvis +   f - +5 dagger (venom)
rCold   . . .      Faith    .   (no shield)
rNeg    . . .      Spirit   .   K - +0 swamp dragon scales
rPois   +          Reflect  .   c - +0 helmet
rElec   .          Harm     .   (no cloak)
rCorr   .          Rampage  .   (gloves unavailable)
Will    .....                   n - +0 pair of boots
Stlth   ++........              y - amulet of regeneration
HPRegen 1.07/turn               r - ring of see invisible
MPRegen 0.42/turn               u - +6 ring of intelligence

@: no status effects
A: icy blue scales 2, magic regeneration, demonic touch 3
a: Renounce Religion


You were on level 13 of the Dungeon.
You worshipped Vehumet.
Vehumet was pleased with you.
You visited 2 branches of the dungeon, and saw 14 of its levels.
You also visited: Sewer.

You collected 809 gold pieces.
You spent 187 gold pieces at shops.

Inventory:

Hand Weapons
 f - a +5 dagger of venom (weapon)
 A - a +2 long sword of flaming
 H - the +8 war axe "Qened" {flame, rElec rPois rC- Str+4}
   (You took it off an orc on level 12 of the Dungeon)

   It burns those it strikes, dealing additional fire damage.
   Big, fiery blades are also staple armaments of hydra-hunters.
   Str:       It affects your strength (+4).
   rC:        It makes you vulnerable to cold.
   rElec:     It insulates you from electricity.
   rPois:     It protects you from poison.
 N - the +4 whip "Ukubb" {pain, rF+ rC+ Dex+4}
   (You found it on level 9 of the Dungeon)

   In the hands of one skilled in necromantic magic, it inflicts extra damage on
   living creatures.
   Dex:       It affects your dexterity (+4).
   rF:        It protects you from fire.
   rC:        It protects you from cold.
Armour
 c - a +0 helmet (worn)
 n - a +0 pair of boots (worn)
 K - +0 swamp dragon scales (worn)
 O - +0 acid dragon scales
Jewellery
 r - a ring of see invisible (left hand)
 s - a ring of positive energy
 u - a +6 ring of intelligence (right hand)
 y - an amulet of regeneration (around neck)
 G - a ring of flight
 J - a ring of magical power
 M - a +4 ring of protection
Wands
 t - a wand of flame (25)
 C - a wand of digging (3)
Scrolls
 d - 5 scrolls of amnesia
 e - a scroll of identify
 g - 2 scrolls of teleportation
 h - 2 scrolls of summoning
 l - 4 scrolls of torment
 m - 2 scrolls of blinking
 p - a scroll of poison
 q - a scroll of fear
 E - a scroll of immolation
 F - 2 scrolls of enchant armour {unknown}
 I - a scroll of fog
Potions
 a - 2 potions of attraction
 b - 6 potions of magic
 i - 2 potions of berserk rage
 j - 4 potions of mutation
 k - 7 potions of curing
 o - 4 potions of might
 v - 5 potions of flight
 w - 2 potions of resistance
 z - 2 potions of brilliance
 B - 4 potions of haste
 D - 3 potions of lignification


   Skills:
 + Level 9.6 Fighting
 + Level 6.0 Armour
 - Level 3.0 Dodging
 - Level 3.0 Stealth
 + Level 12.2 Spellcasting
 + Level 9.2 Conjurations
 - Level 1.0 Transmutations
 * Level 0.3 Air Magic
 + Level 9.3 Earth Magic
 * Level 0.4 Poison Magic


You had 27 spell levels left.
You knew the following spells:

 Your Spells              Type           Power      Damage    Failure   Level
a - Sandblast             Erth           100%       2d20      1%          1
b - Passwall              Tmut/Erth      36%        N/A       1%          2
c - Stone Arrow           Conj/Erth      100%       3d13      1%          3
d - Mephitic Cloud        Conj/Pois/Air  34%        N/A       7%          3

Your spell library contained the following spells:

 Spells                   Type           Power      Damage    Failure   Level
 Conjure Flame            Conj/Fire      41%        6-21      4%          3
 Beastly Appendage        Tmut           42%        N/A       6%          1
 Iskenderun's Battlesphe  Conj           61%        2d11      6%          5
 Sting                    Tmut/Pois      80%        1d7       7%          1
 Summon Small Mammal      Summ           64%        N/A       10%         1
 Petrify                  Tmut/Erth      44%        N/A       11%         4
 Poisonous Vapours        Pois/Air       36%        N/A       12%         2
 Leda's Liquefaction      Hex/Erth       20%        N/A       13%         4
 Hailstorm                Conj/Ice       41%        3d10      14%         4
 Sticky Flame             Conj/Fire      41%        2d6       14%         4
 Ignite Poison            Fire/Tmut/Pois 19%        N/A       22%         3
 Call Canine Familiar     Summ           16%        N/A       28%         3
 Portal Projectile        Hex/Tloc       32%        N/A       28%         3
 Summon Guardian Golem    Hex/Summ       16%        N/A       28%         3
 Tukima's Dance           Hex            16%        N/A       28%         3
 Iron Shot                Conj/Erth      30%        9d6       30%         6
 Ice Form                 Ice/Tmut       19%        N/A       58%         4
 Olgreb's Toxic Radiance  Pois           18%        N/A       58%         4
 Corpse Rot               Necr/Pois/Air  17%        N/A       63%         4
 Animate Dead             Necr           16%        N/A       67%         4
 Cause Fear               Hex            8%         N/A       67%         4
 Blade Hands              Tmut           10%        N/A       86%         5
 Simulacrum               Ice/Necr       8%         N/A       100%        6
 Dragon Form              Tmut           10%        N/A       100%        7
 Haunt                    Necr/Summ      8%         N/A       100%        7
 Spellforged Servitor     Conj/Summ      20%        N/A       100%        7
 Infestation              Necr           8%         N/A       100%        8
 Dragon's Call            Summ           8%         N/A       100%        9


Dungeon Overview and Level Annotations

Branches:
Dungeon (13/15) Zot: 26068  Temple (1/1) D:4 Zot: 5918    Lair (0/5) D:8
    Orc (0/2) D:12          Sewer (visited)
 Vaults: D:13-14

Altars:
Ashenzari
Cheibriados
Dithmenos
Fedhas
Gozag
Hepliaklqana
Kikubaaqudgha
Makhleb
Nemelex Xobeh
Okawaru
Qazlal
Ru
Sif Muna
Trog
Uskayaw
Vehumet
Wu Jian
Xom
Yredelemnul

Shops:
D:1 *   D:7 !

Annotations:
D:1 1 runed translucent door
D:3 3 runed translucent doors, p0werm0de's ghost, amateur PaCK
D:6 3 runed translucent doors, Southy's ghost, novice DECj
D:9 2 transporters, nightchill's ghost, novice TrMo


Innate Abilities, Weirdness & Mutations

You are mostly covered in icy blue scales. (AC +3)
You regenerate magic rapidly.
Your touch may irresistibly damage your foes and sap their willpower.


Message History

Aiming: Stone Arrow (safe; 1% risk of failure)
Press: ? - help, Shift-Dir - straight line, f/p - cherub
Aim: a cherub, wielding a +0 longbow and wearing a +0 robe (severely wounded, haloed, 63% to hit)
The stone arrow hits the cherub!
The cherub is severely wounded.
The cherub unwields a +0 longbow.
The cherub wields a +4 flail of flaming.
It bursts into flame!
The cherub hits you with a +4 flail of flaming!
The cherub burns you.
The cherub pecks you but does no damage.
Your magical contamination has completely faded away.
Unknown command.
Casting: Stone Arrow (safe; 1% risk of failure)
Confirm with . or Enter, or press ? or * to list all spells.
Aiming: Sandblast (safe; 1% risk of failure)
Press: ? - help, Shift-Dir - straight line, f/p - cherub
Aim: a cherub, wielding a +4 flail of flaming and wearing a +0 robe (severely wounded, haloed, 73% to hit)
The blast of sand misses the cherub.
The +0 great sword of flaming closely misses you.
The cherub hits you with a +4 flail of flaming.
The cherub burns you.
The cherub bites you but does no damage.
Casting: Sandblast (safe; 1% risk of failure)
Confirm with . or Enter, or press ? or * to list all spells.
Aiming: Stone Arrow (safe; 1% risk of failure)
Press: ? - help, Shift-Dir - straight line, f/p - cherub
Aim: a cherub, wielding a +4 flail of flaming and wearing a +0 robe (severely wounded, haloed, 63% to hit)
The stone arrow hits the cherub!!
You kill the cherub!
Vehumet accepts your kill.
The +0 great sword of flaming hits you!!
* * * LOW HITPOINT WARNING * * *
The +0 great sword of flaming burns you!
* * * LOW HITPOINT WARNING * * *
Unknown command.
Unknown command.
You feel much better.
The +0 great sword of flaming hits you!!
You die...

#.......#### #........
#.......)..# #........
#.......##.####........
#.......##...^.........
#.......#######........
#....[..# #........
#.......# #........
#.......# #........
#####.@## ###.#####
***#()# #.# #.....# #.#
*#....### #<# #
*#....##'#### #.# #
#P..###.....# ##.# #
##P.,*###...# #..# #
##,,**,##..#####.######
*,,,,,,##.'...<.......


You could see a +0 great sword of flaming.

Vanquished Creatures
  3 centaur warriors (D:13)
  4 two-headed ogres
  Urug (D:10)
  2 cherubim (D:13)
  A deep elf pyromancer (D:12)
  2 ugly things (D:11)
  A cyclops (D:12)
  A manticore (D:13)
  Joseph (D:10)
  The ghost of MisterFreud the Nimble, a novice FeBe of Trog (D:7)
  3 gargoyles
  Psyche (D:10)
  A komodo dragon (D:8)
  A hornet (D:9)
  5 trolls
  4 slime creatures (D:12)
  A shadow (D:9)
  A spriggan (shapeshifter) (D:13)
  12 yaks
  A wyvern (D:9)
  A vampire (D:10)
  A wraith (D:11)
  7 vampire mosquitoes
  3 steam dragons
  6 wargs
  5 acid dragons
  6 water moccasins
  7 orc warriors
  A black bear (D:7)
  2 ice beasts
  6 centaurs
  A phantom (D:4)
  2 kobold brigands
  A necrophage (D:6)
  6 bullfrogs
  3 scorpions
  10 wights
  4 killer bees (D:10)
  An electric eel (D:10)
  2 jellies
  7 orc priests
  4 hounds
  Ijyb (D:4)
  A gnoll bouda (D:5)
  Terence (D:3)
  An iguana (D:4)
  14 orc wizards
  Robin (D:2)
  3 gnolls (D:5)
  13 adders
  5 river rats (Sewer)
  A white imp (D:8)
  An ufetubus (D:6)
  A worm (D:2)
  4 dart slugs
  51 orcs
  5 bats
  2 endoplasms
  8 giant cockroaches
  11 hobgoblins
  15 jackals
  30 kobolds
  6 quokkas
  12 ball pythons
  9 frilled lizards
  13 goblins
  29 rats
371 creatures vanquished.

Vanquished Creatures (collateral kills)
  A bullfrog (D:7)
  A wight (D:7)
2 creatures vanquished.

Vanquished Creatures (others)
  Maggie (D:7)
  A butterfly (D:3)
  35 fungi (D:8)
  55 plants
92 creatures vanquished.

Grand Total: 465 creatures vanquished

Notes
Turn   | Place    | Note
-------+----------+-------------------------------------------
     0 | D:1      | protoss039 the Demonspawn Earth Elementalist began the
                  | quest for the Orb.
     0 | D:1      | Reached XP level 1. HP: 13/13 MP: 3/3
     1 | D:1      | Found a runed translucent door.
     3 | D:1      | Noticed a jelly
   146 | D:1      | Gained mutation: You regenerate magic rapidly. [demonic
                  | ancestry]
   146 | D:1      | Reached XP level 2. HP: 17/20 MP: 5/5
   317 | D:1      | Reached skill level 1 in Fighting
   757 | D:1      | Found Eciykhlis's Assorted Antiques.
   760 | D:1      | Bought a scroll labelled IWALOZ RE YLLO for 19 gold pieces
   868 | D:1      | Reached XP level 3. HP: 26/26 MP: 6/6
  1431 | D:2      | Noticed Robin
  1902 | D:2      | Killed Robin
  2020 | D:2      | Reached XP level 4. HP: 33/33 MP: 5/8
  2672 | D:2      | Learned a level 2 spell: Passwall
  2696 | D:3      | Found a sparkling altar of Nemelex Xobeh.
  2850 | D:3      | Reached skill level 1 in Transmutations
  3017 | D:3      | Found a shimmering altar of Xom.
  3197 | D:3      | Reached skill level 3 in Spellcasting
  3319 | D:3      | Noticed Terence
  3340 | D:3      | Killed Terence
  3390 | D:3      | Reached XP level 5. HP: 30/38 MP: 9/9
  3473 | D:3      | Found a faded altar of an unknown god.
  3569 | D:3      | Found an opulent altar of Gozag.
  3618 | D:3      | Found a runed translucent gate.
  3618 | D:3      | Noticed p0werm0de's ghost (amateur PaCK)
  3619 | D:3      | Found a runed translucent gate.
  3619 | D:3      | Found a runed translucent gate.
  3890 | D:3      | Learned a level 3 spell: Stone Arrow
  3946 | D:4      | Found a staircase to the Ecumenical Temple.
  3960 | D:4      | Noticed Ijyb
  3965 | Temple   | Entered the Ecumenical Temple
  4062 | D:4      | Killed Ijyb
  4074 | D:4      | Gained mutation: You are partially covered in icy blue
                  | scales. (AC +2) [demonic ancestry]
  4074 | D:4      | Reached XP level 6. HP: 24/46 MP: 8/10
  4146 | D:4      | Reached skill level 1 in Conjurations
  4245 | D:4      | Found a glowing drain.
  4249 | Sewer    | Entered a sewer
  5277 | D:4      | Found a blossoming altar of Fedhas.
  5371 | D:4      | Gained mutation: Your touch may inflict minor irresistible
                  | damage on your foes. [demonic ancestry]
  5371 | D:4      | Reached XP level 7. HP: 49/52 MP: 9/12
  5753 | D:5      | Entered Level 5 of the Dungeon
  6162 | D:5      | Reached skill level 4 in Spellcasting
  6707 | D:5      | Gained mutation: Your touch may inflict irresistible damage
                  | on your foes. [demonic ancestry]
  6707 | D:5      | Reached XP level 8. HP: 40/58 MP: 10/14
  6840 | D:6      | Found an ancient bone altar of Kikubaaqudgha.
  6896 | D:6      | Reached skill level 5 in Earth Magic
  7093 | D:6      | Found a hazy altar of Hepliaklqana.
  7098 | D:6      | Found a shadowy altar of Dithmenos.
  7255 | D:6      | Noticed Southy's ghost (novice DECj)
  7256 | D:6      | Found a runed translucent gate.
  7256 | D:6      | Found a runed translucent gate.
  7256 | D:6      | Found a runed translucent gate.
  7320 | D:6      | Reached skill level 5 in Spellcasting
  7794 | D:7      | Reached skill level 5 in Fighting
  7835 | D:7      | Noticed Maggie
  7874 | D:7      | Your ally Maggie died
  7938 | D:6      | Reached XP level 9. HP: 68/68 MP: 8/17
  8053 | D:7      | Reached skill level 5 in Conjurations
  8132 | D:7      | Found a runed translucent door.
  8286 | D:7      | Noticed MisterFreud's ghost (novice FeBe)
  8394 | D:7      | Found Micop's Distillery.
  8397 | D:7      | Bought a potion of heal wounds for 60 gold pieces
  8397 | D:7      | Bought a potion of lignification for 36 gold pieces
  8397 | D:7      | Bought a potion of attraction for 36 gold pieces
  8397 | D:7      | Bought a potion of curing for 36 gold pieces
  8544 | D:7      | Killed MisterFreud's ghost
  8545 | D:7      | Reached skill level 1 in Armour
  8545 | D:7      | Reached skill level 6 in Spellcasting
  8847 | D:8      | Noticed a komodo dragon
  8863 | D:8      | Killed a komodo dragon
  9050 | D:8      | Found a staircase to the Lair.
  9059 | D:8      | Gained mutation: You are mostly covered in icy blue scales.
                  | (AC +3) [demonic ancestry]
  9059 | D:8      | Reached XP level 10. HP: 77/77 MP: 19/19
  9789 | D:9      | Identified the +4 whip "Ukubb" {pain, rF+ rC+ Dex+4}
 10021 | D:9      | Reached skill level 5 in Armour
 10087 | D:9      | Noticed nightchill's ghost (novice TrMo)
 10095 | D:9      | Noticed a five-headed hydra
 10117 | D:9      | Reached skill level 7 in Spellcasting
 10169 | D:9      | Found a transporter.
 10174 | D:9      | Noticed a moth of wrath
 10189 | D:9      | Found a transporter.
 10218 | D:9      | Found a snail-covered altar of Cheibriados.
 10218 | D:9      | Found a radiant altar of Vehumet.
 10582 | D:9      | Became a worshipper of Vehumet
 10588 | D:9      | Reached skill level 10 in Spellcasting
 10588 | D:9      | Reached XP level 11. HP: 82/82 MP: 20/25
 10621 | D:10     | Entered Level 10 of the Dungeon
 10727 | D:10     | Noticed Joseph
 10737 | D:10     | Killed Joseph
 10884 | D:10     | Found a sacrificial altar of Ru.
 10889 | D:10     | Reached skill level 11 in Spellcasting
 11120 | D:10     | Noticed Psyche
 11125 | D:10     | Killed Psyche
 11283 | D:10     | Reached * piety under Vehumet
 11283 | D:10     | Offered knowledge of Freeze by Vehumet.
 11378 | D:10     | Gained mutation: Your touch may irresistibly damage your
                  | foes and sap their willpower. [demonic ancestry]
 11378 | D:10     | Reached XP level 12. HP: 92/92 MP: 23/27
 11532 | D:10     | Noticed Urug
 11540 | D:10     | Killed Urug
 12557 | D:11     | Found a shimmering blue altar of Sif Muna.
 12645 | D:11     | Noticed a two-headed ogre
 12650 | D:11     | Killed a two-headed ogre
 12821 | D:11     | Got Sif Muna's Incunable of Sculpting
 12944 | D:12     | Reached ** piety under Vehumet
 12944 | D:12     | Offered knowledge of Scorch by Vehumet.
 12981 | D:12     | Found a staircase to the Orcish Mines.
 13698 | D:12     | Identified the +8 war axe "Qened" {flame, rElec rPois rC-
                  | Str+4}
 13879 | D:13     | Noticed a two-headed ogre
 13979 | D:13     | Noticed a centaur warrior
 13985 | D:13     | Noticed a centaur warrior
 13988 | D:13     | Killed a centaur warrior
 14005 | D:13     | Killed a centaur warrior
 14043 | D:13     | Noticed a centaur warrior
 14075 | D:13     | Killed a two-headed ogre
 14076 | D:13     | Reached skill level 12 in Spellcasting
 14080 | D:13     | Killed a centaur warrior
 14232 | D:13     | Noticed a two-headed ogre
 14247 | D:13     | Killed a two-headed ogre
 14318 | D:13     | Offered knowledge of Mephitic Cloud by Vehumet.
 14597 | D:13     | Noticed a two-headed ogre
 14604 | D:13     | Killed a two-headed ogre
 14605 | D:13     | Reached XP level 13. HP: 101/101 MP: 22/29
 14642 | D:13     | HP: 4/101 [cherub/+2 long sword of flaming (4)]
 14773 | D:13     | Learned a level 3 spell: Mephitic Cloud
 14792 | D:13     | Slain by a +0 great sword of flaming

Illustrated notes

Levels and vault maps discovered:
D:1:      dpeg_arrival_caged_fury, layout_basic, serial_shops,
          nicolae_shop_trees
D:2:      layout_basic, palyth_stone_intersect, uniq_robin
D:3:      layout_loops_ring, grunt_temple_overflow_gold_and_silver,
          nicolae_elyvilon_peaceful_grove, lemuel_round_altar,
          nemelex_xobeh_ov_fountains_minmay,
          hellmonk_ecumenical_altar_defaced_shrine, ebering_ghost_rock_garden,
          uniq_terence
D:4:      layout_loops_ring, lemuel_crystal_altar, minmay_temple_entry_arrows,
          gup_sewer_entry_bowl, uniq_ijyb
D:5:      layout_basic
D:6:      layout_loops_ring, riverfiend_overflow_shadow_ancestor,
          mainiacjoe_overflow_paths, biasface_ghost_orc_armoury,
          nicolae_eternal_life, hex_tiny
D:7:      layout_cave_pools, serial_shops, kennysheep_mini,
          hellmonk_ghost_happy_afterlife, uniq_maggie
D:8:      layout_loops_corners, due_lair_maze_entry_diamond
D:9:      layout_roguey, mainiacjoe_overflow_divided_tiny,
          gammafunk_ghost_berserking_beasts
D:10:     layout_cave_pods, nicolae_ru_great_annihilating_truth,
          nooodl_orcs_dogs, uniq_urug, uniq_psyche, uniq_joseph
D:11:     nicolae_whirlpool, layout_loops_ring, dreamdust_princess_bridge,
          nicolae_sif_muna_little_library
D:12:     layout_basic, david_orc_1_choice, hex_large
D:13:     layout_roguey, gauntlet_entry_generic, nicolae_wwwww, pf_eden
Temple:   eino_wide_crystal_templ

Skill      XL: |  1  2  3  4  5  6  7  8  9 10 11 12 |
---------------+-------------------------------------+-----
Fighting       | 1 2 3 4 5 6 7 9 |  9.6
Earth Magic    | 3 4 5 6 7 9 |  9.3
Transmutations | 1 |  1.0
Spellcasting   | 3 4 5 6 10 11 12 | 12.2
Dodging        | 2 3 |  3.0
Stealth        | 2 3 |  3.0
Conjurations   | 2 3 4 6 7 9 |  9.2
Armour         | 3 5 6 |  6.0
Air Magic      | |  0.3
Poison Magic   | |  0.4

Action                   |  1- 3 |  4- 6 |  7- 9 | 10-12 | 13-15 || total
-------------------------+-------+-------+-------+-------+-------++-------
Melee: Dagger            |    93 |   222 |   191 |   137 |       ||   643
       Unarmed           |     1 |       |       |       |       ||     1
       Punch             |     2 |     3 |     3 |     1 |       ||     9
       Touch             |       |       |    27 |    25 |       ||    52
 Cast: Sandblast         |    14 |    58 |    61 |   109 |     5 ||   247
       Passwall          |       |     1 |       |     3 |       ||     4
       Stone Arrow       |       |       |    44 |   168 |    17 ||   229
       Mephitic Cloud    |       |       |       |       |     1 ||     1
Evoke: Wand              |       |       |     2 |     3 |     1 ||     6
  Use: Scroll            |     3 |     5 |     8 |    15 |     1 ||    32
       Potion            |       |     1 |       |     5 |     2 ||     8
 Stab: Sleeping          |     5 |     4 |     2 |     1 |       ||    12
       Distracted        |       |     1 |       |       |       ||     1
       Paralysed         |       |       |       |     1 |       ||     1
Armor: Robe              |    22 |   116 |    59 |       |       ||   197
       Swamp dragon scal |       |       |    39 |   209 |     4 ||   252
Dodge: Dodged            |    68 |   209 |   180 |   221 |     8 ||   686
